 Dungeon Crawl Stone Soup version 0.31.0-11-ge490571c62 (webtiles) character file.

Game seed: 16266729502326520746

8 browni3141 the Shooter (level 2, 22/22 HPs)
             Began as a Demonspawn Hunter on Jan 31, 2024.
             Got out of the dungeon alive.
             The game lasted 00:00:08 (730 turns).

browni3141 the Shooter (Demonspawn Hunter)           Turns: 730, Time: 00:00:09

Health: 22/22      AC:  3    Str: 11    XL:     2   Next: 0%
Magic:  2/2        EV: 12    Int:  9    God:
Gold:   6          SH:  0    Dex: 16    Spells: 1/1 levels left

rFire   . . .        a - +0 shortbow
rCold   . . .        (shield currently unavailable)
rNeg    . . .        c - +0 leather armour
rPois   .            (no helmet)
rElec   .            (no cloak)
rCorr   .            (no gloves)
SInv    .            (no boots)
Will    .....        (no amulet)
Stlth   ++           (no ring)
HPRegen 0.23/turn    (no ring)
MPRegen 0.08/turn

%: no passive effects
@: no status effects
A: demonic guardian 1
a: no special abilities


You escaped.
You visited 1 branch of the dungeon, and saw 1 of its levels.

You collected 6 gold pieces.

Inventory:

Hand Weapons
 a - a +0 shortbow (weapon)
Armour
 c - a +0 leather armour (worn)
Scrolls
 b - a scroll of butterflies
 e - a scroll of teleportation {unknown}
 f - a scroll of identify {unknown}
 h - a scroll of immolation {unknown}
 i - a scroll of fear {unknown}
Potions
 d - a potion of might {unknown}
 g - a potion of berserk rage {unknown}


   Skills:
 + Level 2.2 Fighting
 + Level 3.7 Ranged Weapons
 + Level 1.9 Dodging
 + Level 1.2 Stealth


You had one spell level left.
You didn't know any spells.
Your spell library was empty.

Dungeon Overview and Level Annotations

Branches:
Dungeon (1/15)

Altars:


Innate Abilities, Weirdness & Mutations

A weak demonic guardian rushes to your aid.


Message History

You shoot an arrow.
The arrow hits the hobgoblin but does no damage.
The hobgoblin barely misses you. The hobgoblin closely misses you.
A hobgoblin is nearby!
You shoot an arrow. The arrow hits the hobgoblin.
The hobgoblin is almost dead.
The hobgoblin completely misses you.
You shoot an arrow. The arrow closely misses the hobgoblin.
The hobgoblin closely misses you.
A hobgoblin is nearby!
You shoot an arrow. The arrow hits the hobgoblin.
You kill the hobgoblin!
Your Stealth skill increases to level 1!
HP restored.
You see here a ball python corpse.
You see here a ball python corpse.
A hobgoblin comes into view.
You shoot an arrow. The arrow hits the hobgoblin!
You kill the hobgoblin!
A ball python comes into view.
You shoot an arrow. The arrow hits the ball python.
The ball python hisses angrily.
The ball python is moderately wounded.
A bat comes into view.
There are monsters nearby!
You shoot an arrow. The arrow hits the ball python.
You kill the ball python!
A bat is nearby!
You shoot an arrow. The arrow closely misses the bat.
The bat hits you but does no damage.
A bat is nearby!
You shoot an arrow. The arrow closely misses the bat.
The bat barely misses you. The bat hits you.
The bat hits you but does no damage.
A bat is nearby!
You shoot an arrow.
The arrow hits the bat but does no damage.
The bat misses you. The bat barely misses you.
A bat is nearby!
A bat is nearby!
You shoot an arrow. The arrow hits the bat.
You kill the bat!
No target in view!
f - a scroll labelled OJOERUZAAT Key pressed, stopping explore.
No target in view!
No target in view!
You see here a ball python corpse.
You see here a ball python corpse.
You see here a hobgoblin corpse.
You see here a +0 robe.
You see here 7 stones.
g - an inky potion No target in view!
Found a stone staircase leading down.
Key pressed, stopping explore.
No target in view!
No target in view!
Found a stone staircase leading down.
No target in view!
Key pressed, stopping explore.
No target in view!
No target in view!
There is a stone staircase leading down here.
There is a stone staircase leading down here.
A bat comes into view.
You shoot an arrow. The arrow hits the bat!
You kill the bat!
A goblin comes into view. It is wielding a +0 club.
You shoot an arrow. The arrow hits the goblin.
You kill the goblin!
No target in view!
h - a scroll labelled QYICHA GUFFU No target in view!
Found a stone staircase leading down.
Key pressed, stopping explore.
No target in view!
No target in view!
There is a stone staircase leading down here.
i - a scroll labelled KYIPAF IMYDUWNASE No target in view!
You see here a +0 short sword.
A rat comes into view.
You shoot an arrow. The arrow hits the rat!
You kill the rat!
You have reached level 2!
Your demonic ancestry asserts itself...
You feel the presence of a demonic guardian.
You see here a +0 short sword.
Key pressed, stopping travel.
You can't go up here!
Unknown command.
Unknown command.
You see here 7 stones.
You see here a +0 robe.
You see here a +0 whip.
You see here 5 stones.
There is a dry fountain, spattered with blood here.
There is a staircase leading out of the dungeon here.
You have escaped!

###############
###########.............#
#.......[##.###########.#
#........##.#.........#.#
#...................#...#
#.........###############
#.........#⌠...⌠#
#######.#.#..@..#
#.....#.....#
#.#.#.#..>..#
#.#...#⌠...⌠##
#.##########.##
#.###########.#
#.##......##.##
#......##..#.# .
###....##...##


There were no monsters in sight!

Vanquished Creatures
  2 hobgoblins (D:1)
  3 ball pythons (D:1)
  2 bats (D:1)
  A goblin (D:1)
  A rat (D:1)
9 creatures vanquished.

Notes
Turn   | Place    | Note
-------+----------+-------------------------------------------
     0 | D:1      | browni3141 the Demonspawn Hunter began the quest for the
                  | Orb.
     0 | D:1      | Reached XP level 1. HP: 16/16 MP: 1/1
    99 | D:1      | Reached skill level 1 in Stealth
   501 | D:1      | Gained mutation: A weak demonic guardian rushes to your
                  | aid. [demonic ancestry]
   501 | D:1      | Reached XP level 2. HP: 22/22 MP: 2/2
   730 | D:$      | Got out of the dungeon alive.

Illustrated notes

Levels and vault maps discovered:
D:1:      amcnicky_arrival_gap_in_the_tavern_cellar, layout_basic,
          corexii_hall_statues_deadend

Skill      XL: |  1 |
---------------+----+-----
Stealth        | 1 |  1.2
Fighting       | |  2.2
Ranged Weapons | |  3.7
Dodging        | |  1.9

Action                     || total
---------------------------++-------
   Fire: Shortbow          ||    21
 Armour: Leather armour    ||     4
  Dodge: Dodged            ||     7
